cohdb
Replays
Latest Replays
All Replays
Popular Replays
Top Player Replays
Match Explorer
How It Works
Community
CoH3 Stats
Reddit
Sign in to upload your games and track your stats! →
Sign in with Steam
Match 40923001
Unlisted
Match 40923001
Overview
Messages
Build Orders
End
Pioneer Squad
Construct Infanterie Kompanie
Grenadier Squad
Grenadier Squad
Grenadier Squad
Infanterie Officer Quarters
MG 42 Machine Gun Team
GrW 34 Mortar Team
Construct Panzergrenadier Kompanie
Pak 40 Anti-tank Gun Team
Selects Mechanized Battlegroup
Selects Raid Package
Selects StuG Assault Group
StuG Assault Group
Panzergrenadier Officer Quarters
Support Elements
Side Skirts
Pioneer Squad
Selects Panther Heavy Tank
251 Medium Carrier
Selects Mobile Repair Stations
StuG Assault Group
^3
7k this year for sure
0
0
Comments
sign in to comment!
No comments posted yet!